 Dungeon Crawl Stone Soup version 0.27-a0-1006-g1fd4cec11e (webtiles) character file.

Game seed: 992468416239853692

52 wakim the Protected (level 3, 0/28 HPs)
             Began as a Gnoll Wanderer on Apr 18, 2021.
             Was an Initiate of Gozag.
             Slain by an adder (3 damage)
             ... on level 2 of the Dungeon.
             The game lasted 00:07:20 (1739 turns).

wakim the Protected (Gnoll Wanderer)                Turns: 1739, Time: 00:07:21

Health: 0/28       AC:  7    Str: 13    XL:     3   Next: 85%
Magic:  4/4        EV: 10    Int:  9    God:    Gozag
Gold:   170        SH:  0    Dex: 12    Spells: 4/4 levels left

rFire    + . .     SeeInvis .   a - +2 shortbow
rCold    + . .     Faith    .   (shield currently unavailable)
rNeg     . . .     Spirit   .   d - +0 ring mail
rPois    +         Reflect  .   (no helmet)
rElec    +         Harm     .   (no cloak)
rCorr    +         Rampage  .   (no gloves)
Will     .....                  (no boots)
Stlth    +.........             (no amulet)
HPRegen  0.09/turn              (no ring)
MPRegen  0.09/turn              (no ring)

@: resistant, flying
A: fangs 1, strong nose, distributed training
a: Renounce Religion, Potion Petition, Call Merchant, Bribe Branch


You were on level 2 of the Dungeon.
You worshipped Gozag.
Gozag was aware of your devotion.
You visited 1 branch of the dungeon, and saw 2 of its levels.

You collected 170 gold pieces.

Inventory:

Hand Weapons
 a - a +2 shortbow (weapon)
 b - a +0 club
Missiles
 e - 8 arrows (quivered ammo)
Armour
 d - a +0 ring mail (worn)
Jewellery
 c - a ring of ice
Scrolls
 T - a scroll of teleportation


   Skills:
 + Level 2.6 Fighting
 + Level 1.0 Short Blades
 + Level 1.0 Long Blades
 + Level 1.0 Axes
 + Level 2.6 Maces & Flails
 + Level 1.0 Polearms
 + Level 1.0 Staves
 + Level 1.0 Slings
 + Level 2.6 Bows
 + Level 1.0 Crossbows
 + Level 2.6 Throwing
 + Level 10.3 Armour
 + Level 1.0 Dodging
 + Level 2.4 Stealth
 + Level 1.0 Shields
 + Level 1.0 Unarmed Combat
 + Level 1.0 Spellcasting
 + Level 0.7 Conjurations
 + Level 0.7 Hexes
 + Level 0.7 Summonings
 + Level 0.7 Necromancy
 + Level 0.7 Translocations
 + Level 0.7 Transmutations
 + Level 0.7 Fire Magic
 + Level 0.7 Ice Magic
 + Level 0.7 Air Magic
 + Level 0.7 Earth Magic
 + Level 0.7 Poison Magic
 + Level 1.0 Invocations
 + Level 1.0 Evocations


You had 4 spell levels left.
You didn't know any spells.
Your spell library was empty.

Dungeon Overview and Level Annotations

Branches:
Dungeon (2/15)

Altars:
Gozag

Shops:
D:1 [(

Annotations:
D:2 Robin


Innate Abilities, Weirdness & Mutations

You have very sharp teeth.
Your uncanny sense of smell can sniff out nearby items.
Your experience applies equally to all skills.


Message History

Press: ? - help, Q - select action, (/) - cycle Shift-Dir - straight line, f/p - adder
Aim: an adder (lightly wounded, 44% to hit)
You shoot an arrow. The arrow hits the adder.
The adder is severely wounded.
The adder barely misses you.
Fire: 14 arrows
Press: ? - help, Q - select action, (/) - cycle Shift-Dir - straight line, f/p - adder
Aim: an adder (severely wounded, 44% to hit)
You shoot an arrow. The arrow misses the adder.
The adder barely misses you. The adder bites you.
* * * LOW HITPOINT WARNING * * *
Fire: 13 arrows
Press: ? - help, Q - select action, (/) - cycle Shift-Dir - straight line, f/p - adder
Aim: an adder (severely wounded, 44% to hit)
You shoot an arrow. The arrow misses the adder.
The adder closely misses you.
Fire: 12 arrows
Press: ? - help, Q - select action, (/) - cycle Shift-Dir - straight line, f/p - adder
Aim: an adder (severely wounded, 44% to hit)
You shoot an arrow. The arrow hits the adder.
The adder is almost dead.
The adder barely misses you. The adder bites you but does no damage.
Fire: 11 arrows
Press: ? - help, Q - select action, (/) - cycle Shift-Dir - straight line, f/p - adder
Aim: an adder (almost dead, 44% to hit)
You shoot an arrow. The arrow closely misses the adder.
The adder bites you.
* * * LOW HITPOINT WARNING * * *
Fire: 10 arrows
Press: ? - help, Q - select action, (/) - cycle Shift-Dir - straight line, f/p - adder
Aim: an adder (almost dead, 44% to hit)
You shoot an arrow. The arrow misses the adder.
The adder closely misses you. The adder bites you but does no damage.
Fire: 9 arrows
Press: ? - help, Q - select action, (/) - cycle Shift-Dir - straight line, f/p - adder
Aim: an adder (severely wounded, 44% to hit)
You shoot an arrow. The arrow misses the adder.
The adder bites you.
You die...
Your body crumbles into a pile of gold.

#.#
#........≈PP≈.≈
#.#
#........♣≈≈P.≈
#.# #........♣
≈≈.≈ #.#
#........♣ ≈.≈
#.# #######.##
.≈ #.# #.# ≈
####.# #.#
.....# ######.#
###### #..S@..#
....# #.######
###.# #.# ≈ #.#
#.# P≈♣ ♣♣ #.#
b...S...#
≈≈≈♣♣♣≈ #.#
........#
.≈≈≈≈P≈≈P
#.#########.#
≈.≈≈≈≈≈≈≈≈
#(......###.#
...........
####.....##.#
...≈≈≈≈≈≈≈≈


You could see an adder.

Vanquished Creatures
  An adder (D:2)
  A gnoll (D:1)
  A dart slug (D:1)
  3 endoplasms (D:1)
  3 giant cockroaches
  A hobgoblin (D:1)
  A quokka (D:1)
  6 ball pythons
  4 bats
  A frilled lizard (D:1)
  6 goblins
  3 rats (D:1)
31 creatures vanquished.

Vanquished Creatures (others)
  16 plants
16 creatures vanquished.

Grand Total: 47 creatures vanquished

Notes
Turn   | Place    | Note
-------+----------+-------------------------------------------
     0 | D:1      | Reached skill level 10 in Armour
     0 | D:1      | wakim the Gnoll Wanderer began the quest for the Orb.
     0 | D:1      | wakim set off with the following items: a +2 shortbow, 22
                  | arrows, a +0 ring mail, a scroll of teleportation
     0 | D:1      | Reached XP level 1. HP: 17/17 MP: 1/1
    19 | D:1      | Found Quttyr's Antique Weapon Boutique.
   108 | D:1      | Reached XP level 2. HP: 20/23 MP: 2/2
   354 | D:1      | Found a faded altar of an unknown god.
   382 | D:1      | Became a worshipper of Gozag Ym Sagoz the Greedy
   755 | D:1      | Found Ompukke's Antique Armour Boutique.
   776 | D:1      | Reached XP level 3. HP: 16/28 MP: 2/4
  1334 | D:2      | Reached skill level 1 in Invocations
  1350 | D:2      | Noticed Robin
  1570 | D:2      | Reached skill level 1 in Short Blades
  1570 | D:2      | Reached skill level 1 in Long Blades
  1570 | D:2      | Reached skill level 1 in Axes
  1570 | D:2      | Reached skill level 1 in Polearms
  1570 | D:2      | Reached skill level 1 in Staves
  1570 | D:2      | Reached skill level 1 in Slings
  1570 | D:2      | Reached skill level 1 in Crossbows
  1570 | D:2      | Reached skill level 1 in Dodging
  1570 | D:2      | Reached skill level 1 in Shields
  1570 | D:2      | Reached skill level 1 in Unarmed Combat
  1570 | D:2      | Reached skill level 1 in Spellcasting
  1570 | D:2      | Reached skill level 1 in Evocations
  1739 | D:2      | Slain by an adder

Illustrated notes

Levels and vault maps discovered:
D:1:      dpeg_arrival_oval, layout_basic,
          hellmonk_ecumenical_altar_leap_of_faith, serial_shops,
          nicolae_shop_crystal, nicolae_shop_statue_plus, serial_bayou_lagoon_a
D:2:      layout_basic, serial_bayou_lagoon_b, uniq_jessica, uniq_robin

Skill      XL: |  1  2  3 |
---------------+----------+-----
Armour         | | 10.3
Invocations    | 1 |  1.0
Short Blades   | 1 |  1.0
Long Blades    | 1 |  1.0
Axes           | 1 |  1.0
Polearms       | 1 |  1.0
Staves         | 1 |  1.0
Slings         | 1 |  1.0
Crossbows      | 1 |  1.0
Dodging        | 1 |  1.0
Shields        | 1 |  1.0
Unarmed Combat | 1 |  1.0
Spellcasting   | 1 |  1.0
Evocations     | 1 |  1.0
Fighting       | |  2.6
Maces & Flails | |  2.6
Bows           | |  2.6
Throwing       | |  2.6
Stealth        | |  2.4
Conjurations   | |  0.7
Hexes          | |  0.7
Summonings     | |  0.7
Necromancy     | |  0.7
Translocations | |  0.7
Transmutations | |  0.7
Fire Magic     | |  0.7
Ice Magic      | |  0.7
Air Magic      | |  0.7
Earth Magic    | |  0.7
Poison Magic   | |  0.7

Action                   || total
-------------------------++-------
Melee: Club              ||   116
       Bite              ||    11
 Fire: Shortbow          ||    29
  Use: Potion            ||     2
       Scroll            ||     1
 Stab: Sleeping          ||     1
Armor: Ring mail         ||    84
Dodge: Dodged            ||    96

Table legend: (Time is in decaauts)
 A = Elapsed time spent in this place.
 B = Non-inter-level travel time spent in this place.
 C = Inter-level travel time spent in this place.
 D = Time resting spent in this place.
 E = Time spent auto-exploring this place.
 F = Levels seen in this place.
 G = Mean time per level.
                   A        B        C        D        E       F      G
               +--------+--------+--------+--------+--------+-----+--------+
         Total |   1781 |   1772 |      9 |      0 |   1202 |   2 |  890.5 |
       Dungeon |   1781 |   1772 |      9 |      0 |   1202 |   2 |  890.5 |
               +--------+--------+--------+--------+--------+-----+--------+

Top non-repeatable levels by time:
     D:1: 1302 daAuts
     D:2: 478 daAuts
